 Dungeon Crawl Stone Soup version 0.31-a0-344-gd109795599 (webtiles) character file.

Game seed: 2260202744618133582

4492 Zonian the Mimic (level 10, -8/80 HPs)
             Began as a Merfolk Shapeshifter on July 22, 2023.
             Was a Follower of Nemelex Xobeh.
             Mangled by a hornet (12 damage)
             ... while paralysed by a hornet
             ... on level 7 of the Dungeon.
             The game lasted 00:23:51 (10771 turns).

Zonian the Mimic (Merfolk Shapeshifter)            Turns: 10771, Time: 00:23:52

Health: -8/80      AC:  5    Str: 21    XL:     10   Next: 38%
Magic:  10/10      EV:  2    Int:  7    God:    Nemelex Xobeh [*.....]
Gold:   450        SH:  0    Dex: 14    Spells: 9/9 levels left

rFire   . .          .
                       - Unarmed
rCold   . . .        (no shield)
rNeg    . . .        w - +0 steam dragon scales
rPois   .            (helmet currently unavailable)
rElec   .            (cloak currently unavailable)
rCorr   .            (gloves currently unavailable)
SInv    .            (boots currently unavailable)
Will    .....        (no amulet)
Stlth   ++++         o - +5 ring of evasion
HPRegen 0.33/turn    (no ring)
MPRegen 0.12/turn

%: no passive effects
@: paralysed, lethally poisoned (-8 -> -16), beast-form, slowed
A: beast (slay +6), (nimble swimmer 2), mertail
a: Begin Untransformation, Renounce Religion, Draw Escape, Draw Destruction,
Draw Summoning


You were on level 7 of the Dungeon.
You worshipped Nemelex Xobeh.
Nemelex Xobeh was aware of your devotion.
You were a hulking beast.
You visited 2 branches of the dungeon, and saw 11 of its levels.

You collected 450 gold pieces.

Inventory:

Hand Weapons
 i - a +1 rapier of freezing
 k - a +5 long sword
 n - a +2 antimagic rapier
 t - a +2 war axe of flaming
 v - a +3 mace
Missiles
 q - 5 silver javelins
 y - 6 poisoned darts
Armour
 a - a +0 animal skin
 j - a +1 ring mail
 l - a +0 pair of boots
 m - a +2 pair of boots
 s - a +0 pair of gloves
 u - a +0 helmet
 w - +0 steam dragon scales (worn)
Jewellery
 o - a +5 ring of evasion (left hand)
Talismans
 c - a beast talisman
 d - a serpent talisman
Wands
 x - a wand of charming (9)
Scrolls
 f - a scroll of teleportation
 g - 2 scrolls of vulnerability
 h - 2 scrolls of poison
 r - a scroll of summoning
Potions
 b - a potion of lignification
 e - a potion of resistance
 z - a potion of invisibility
 A - 2 potions of heal wounds {unknown}


   Skills:
 + Level 8.2 Fighting
 - Level 3.9 Dodging
 + Level 8.3 Stealth
 + Level 8.8 Unarmed Combat
 + Level 9.2 Shapeshifting


You had 9 spell levels left.
You didn't know any spells.
Your spell library contained the following spells:

 Spells                   Type           Power      Damage    Failure   Level
 Slow                     Hex            0%         N/A       43%         1
 Sublimation of Blood     Necr           0%         N/A       56%         2
 Wereblood                Tmut           0%         N/A       56%         2
 Confusing Touch          Hex            0%         N/A       80%         3
 Dazzling Flash           Conj/Hex       0%         N/A       80%         3
 Vampiric Draining        Necr           0%         2d6       80%         3
 Volatile Blastmotes      Fire/Tloc      0%         2d10      80%         3
 Starburst                Conj/Fire      0%         6d3       100%        6
 Summon Hydra             Summ           0%         N/A       100%        7
 Maxwell's Capacitive Co  Air            0%         ∞         100%        8


Dungeon Overview and Level Annotations

Branches:
Dungeon (10/15)            Temple (1/1) D:5
   Lair: D:8-11         Orc: D:9-12

Altars:
Ashenzari
Dithmenos
Fedhas
Gozag
Kikubaaqudgha
Nemelex Xobeh
Sif Muna
Uskayaw
Vehumet
Wu Jian
The Shining One

Shops:
D:1 =   D:5 *   D:7 *

Annotations:
D:7 2 transporters, exclusion: 3 oklob plants, Brisketman's ghost, novice MfGl


Innate Abilities, Weirdness & Mutations

You are a hulking beast.
Your limbs bulge with bestial killing power. (Slay +6)
((You are very nimble when in or above water. (Stealth+, EV+, Speed+++)))
Your lower body shifts to a powerful aquatic tail in water.


Message History

a +0 flail; a throwing net You feel very sick.
The hornet completely misses you. The hornet stings you!
* * * LOW HITPOINT WARNING * * *
You are lethally poisoned!
You feel as though you will be slow longer.
Unknown command.
You feel better. The hornet stings you!
* * * LOW HITPOINT WARNING * * *
You feel as though you will be slow longer.
The hornet completely misses you.
You draw a card...
You have drawn Pain.
Press: ? - help, Shift-Dir - straight line, f - hornet
Aim: a hornet The hornet convulses!
The hornet barely misses you.
The hornet stings you but does no damage.
You draw a card...
You have drawn the Storm.
A fierce wind blows from the card.
The hornet is knocked back by the gust of wind.
The hornet slams into the stone wall!
The hornet is severely wounded.
The electrical discharge engulfs the hornet!
The hornet is almost dead.
You hear mighty peals of thunder!
The deck of cards disappears without a trace.
You hear an angry hiss.
You hear a shout!
The hornet stings you.
* * * LOW HITPOINT WARNING * * *
You are lethally poisoned!
You feel as though you will be slow longer.
You feel better. The hornet barely misses you. The hornet stings you.
* * * LOW HITPOINT WARNING * * *
You are poisoned.
You feel as though you will be slow longer.
You feel better. The hornet stings you!
* * * LOW HITPOINT WARNING * * *
You are lethally poisoned!
You suddenly lose the ability to move!
The hornet stings you!
You die...
Your body disappears without a glow.

.#J#..#
.##........#.##.#
$#D#..#
...####...#.##.#
.#.#..# ).##....#
.Y##..# [.#..####.#
.##..## #.#.......#
##..## #.#..######
#..## #)#......#
..## #h9#y.###)#
.## #oh##h.# #.# ##
..###...###.# #
###...#...##.# ##
..............# #
#. ##...###...####
####. #........##
#...†#####†########
#.# #..)).#
#.###.....#


You could see a hornet.

Vanquished Creatures
  A gargoyle (D:7)
  Maggie (D:7)
  A hornet (D:10)
  Eustachio (D:5)
  2 steam dragons
  2 sky beasts
  2 ice beasts
  4 black bears
  An ogre (D:7)
  A centaur (D:7)
  2 phantoms
  3 scorpions
  9 wights (D:6)
  10 killer bees (D:7)
  3 howler monkeys
  2 hounds
  2 jellies
  3 gnoll boudas
  4 orc priests
  Natasha (thrice) (D:4)
  4 iguanas
  3 orc wizards
  A sleepcap (D:6)
  10 gnolls
  14 adders
  3 shadow imps
  2 white imps (D:6)
  2 ufetubi
  3 worms
  5 dart slugs
  24 orcs
  6 endoplasms
  4 giant cockroaches
  9 goblins
  6 hobgoblins
  7 jackals (D:3)
  7 quokkas
  7 ball pythons
  9 bats
  9 frilled lizards
  15 kobolds
  7 rats
214 creatures vanquished.

Notes
Turn   | Place    | Note
-------+----------+-------------------------------------------
     0 | D:1      | Zonian the Merfolk Shapeshifter began the quest for the
                  | Orb.
     0 | D:1      | Reached XP level 1. HP: 15/15 MP: 1/1
   175 | D:1      | Reached XP level 2. HP: 19/21 MP: 2/2
   477 | D:1      | Found Tucunt's Jewellery Shop.
   681 | D:1      | Reached XP level 3. HP: 27/27 MP: 3/3
  1863 | D:2      | Reached XP level 4. HP: 31/33 MP: 4/4
  2744 | D:3      | Reached XP level 5. HP: 39/39 MP: 5/5
  2924 | D:4      | Reached skill level 1 in Stealth
  3049 | D:4      | Reached skill level 5 in Shapeshifting
  3227 | D:4      | Noticed Natasha
  3234 | D:4      | Killed Natasha
  3256 | D:4      | Reached XP level 6. HP: 47/47 MP: 6/6
  3552 | D:4      | Noticed Natasha
  3559 | D:4      | Killed Natasha
  3936 | D:4      | Noticed Natasha
  3945 | D:4      | Killed Natasha
  4267 | D:5      | Entered Level 5 of the Dungeon
  4333 | D:5      | Found Cyutrok's Lightly-Used Armoury.
  4365 | D:5      | Reached skill level 5 in Unarmed Combat
  4365 | D:5      | Reached XP level 7. HP: 53/53 MP: 7/7
  5019 | D:5      | Reached skill level 6 in Shapeshifting
  5068 | D:5      | Noticed Eustachio
  5087 | D:5      | Found a staircase to the Ecumenical Temple.
  5153 | Temple   | Entered the Ecumenical Temple
  5236 | Temple   | Became a worshipper of Nemelex Xobeh the Trickster
  5589 | D:5      | Killed Eustachio
  5590 | D:5      | Reached skill level 5 in Fighting
  5590 | D:5      | Reached XP level 8. HP: 44/62 MP: 8/8
  6673 | D:6      | Reached skill level 5 in Stealth
  6808 | D:6      | Reached skill level 7 in Shapeshifting
  6929 | D:6      | Reached XP level 9. HP: 61/69 MP: 9/9
  7512 | D:6      | Reached * piety under Nemelex Xobeh
  8018 | D:7      | Noticed a cyclops
  8021 | D:7      | Found a transporter.
  8021 | D:7      | Noticed an oklob plant
  8025 | D:7      | Found a transporter.
  8025 | D:7      | Noticed Brisketman's ghost (novice MfGl)
  8025 | D:7      | Noticed an oklob plant
  8036 | D:7      | Noticed an oklob plant
  8064 | D:7      | Reached skill level 8 in Shapeshifting
  9064 | D:7      | You fall into a shaft and drop 3 floors!
  9064 | D:10     | Entered Level 10 of the Dungeon
  9075 | D:10     | Noticed a hornet
  9083 | D:10     | Killed a hornet
  9672 | D:8      | Received a gift from Nemelex Xobeh
  9685 | D:8      | Reached XP level 10. HP: 78/79 MP: 10/10
  9979 | D:7      | Identified the +10 trident of Conflict {venom, *Noise rPois
                  | Dex+4}
 10012 | D:7      | Noticed Maggie
 10152 | D:7      | Killed Maggie
 10433 | D:7      | Found Dautifol's Assorted Antiques.
 10478 | D:7      | Noticed a gargoyle
 10576 | D:7      | Killed a gargoyle
 10577 | D:7      | Reached skill level 9 in Shapeshifting
 10769 | D:7      | HP: 4/80 [hornet (5)]
 10771 | D:7      | Paralysed by a hornet for 2 turns
 10771 | D:7      | Mangled by a hornet

Illustrated notes

Levels and vault maps discovered:
D:1:      heliophobic_arrival_ceremonial_halls, layout_loops_corners,
          serial_shops, nicolae_square_shop, minmay_misc_feat_cross
D:2:      layout_basic
D:3:      layout_rooms
D:4:      layout_loops_corners, st_stairs_9, minmay_puff, uniq_natasha
D:5:      layout_cave_pods, minmay_temple_entry_crystal_x, minmay_shop_damaged,
          uniq_eustachio
D:6:      layout_basic, st_stairs_2
D:7:      layout_loops_ring, nzn_ghost_randoct, serial_shops,
          nicolae_shop_waterfront, hex_medium, minmay_alternating_orb,
          uniq_maggie
D:8:      layout_loops_corners, gammafunk_ghost_icy, uniq_prince_ribbit1
D:9:      layout_basic, nicolae_ru_path_of_blood
D:10:     layout_stronghold, nicolae_overflows_in_rows,
          mainiacjoe_overflow_concentric_impassable
Temple:   jpeg_temple_clearing

Skill      XL: |  1  2  3  4  5  6  7  8  9 10 |
---------------+-------------------------------+-----
Dodging        | 3 |  3.9
Fighting       | 2 3 5 6 7 8 |  8.2
Unarmed Combat | 4 5 6 8 |  8.8
Stealth        | 1 3 4 5 7 8 |  8.3
Shapeshifting  | 5 6 7 8 9 |  9.2

Action                     |  1- 3 |  4- 6 |  7- 9 | 10-12 || total
---------------------------+-------+-------+-------+-------++-------
  Melee: Unarmed           |   122 |   181 |   297 |    71 ||   671
         Punch             |     1 |     7 |    15 |     5 ||    28
 Invoke: Draw Destruction  |       |       |       |     6 ||     6
    Use: Scroll            |       |    11 |     5 |     2 ||    18
         Potion            |       |       |     3 |     3 ||     6
   Stab: Sleeping          |     2 |     5 |     8 |     1 ||    16
         Distracted        |       |       |       |     1 ||     1
 Armour: Animal skin       |    30 |    10 |       |       ||    40
         Ring mail         |       |     2 |    56 |     4 ||    62
         Steam dragon scal |       |       |       |     5 ||     5
  Dodge: Dodged            |    74 |   131 |   272 |    55 ||   532

Table legend: (Time is in decaauts)
 A = Elapsed time spent in this place.
 B = Non-inter-level travel time spent in this place.
 C = Inter-level travel time spent in this place.
 D = Time resting spent in this place.
 E = Time spent auto-exploring this place.
 F = Levels seen in this place.
 G = Mean time per level.
                   A        B        C        D        E       F      G
               +--------+--------+--------+--------+--------+-----+--------+
         Total |  10724 |  10475 |    249 |   4211 |   4106 |  11 |  974.9 |
       Dungeon |  10625 |  10392 |    233 |   4211 |   4106 |  10 | 1062.5 |
        Temple |     99 |     83 |     16 |      0 |      0 |   1 |   99.0 |
               +--------+--------+--------+--------+--------+-----+--------+

Top non-repeatable levels by time:
     D:6: 2026 daAuts
     D:7: 1878 daAuts
     D:5: 1527 daAuts
     D:4: 1482 daAuts
     D:2: 1217 daAuts
     D:1: 1164 daAuts
     D:8: 578 daAuts
     D:3: 452 daAuts
    D:10: 245 daAuts
  Temple: 99 daAuts
     D:9: 52 daAuts
